 Dungeon Crawl Stone Soup version 0.31-a0-187-gba352fbbf7 (webtiles) character file.

Game seed: 99913759572466887

629 qw the Skirmisher (level 7, 0/40 HPs)
             Began as a Deep Elf Hunter on June 22, 2023.
             Slain by Grinder (8 damage)
             ... on level 4 of the Dungeon.
             The game lasted 00:01:29 (2908 turns).

qw the Skirmisher (Deep Elf Hunter)                 Turns: 2908, Time: 00:01:30

Health: 0/40       AC:  6    Str: 10    XL:     7   Next: 23%
Magic:  9/9        EV: 11    Int: 14    God:
Gold:   116        SH:  0    Dex: 18    Spells: 6/6 levels left

rFire   . . .        Y - +0 shortbow (drain)
rCold   . . .        (shield currently unavailable)
rNeg    . . .        i - +0 ring mail
rPois   .            f - +0 helmet
rElec   .            (no cloak)
rCorr   .            (no gloves)
SInv    .            (no boots)
Will    .....        (no amulet)
Stlth   +            (no ring)
HPRegen 0.26/turn    (no ring)
MPRegen 0.11/turn

%: no passive effects
@: no status effects
A: no striking features
a: no special abilities


You were on level 4 of the Dungeon.
You visited 1 branch of the dungeon, and saw 4 of its levels.

You collected 116 gold pieces.


   Skills:
 - Level 2.0 Fighting
 + Level 10.8 Ranged Weapons
 - Level 1.3 Armour
 - Level 3.0 Dodging
 - Level 1.2 Stealth


You had 6 spell levels left.
You didn't know any spells.
Your spell library was empty.

Inventory:

Hand Weapons
 Y - a +0 shortbow of draining (weapon)
Armour
 f - a +0 helmet (worn)
 i - a +0 ring mail (worn)
Scrolls
 b - a scroll of identify
Potions
 a - a potion of mutation {unknown}
 c - a potion of invisibility {unknown}
 d - 2 potions of curing
 h - a potion of enlightenment

Dungeon Overview and Level Annotations

Branches:
Dungeon (4/15)
 Temple: D:4-7

Altars:

Shops:
D:1 [

Annotations:
D:4 Grinder


Message History

The white imp gestures at you. The puff of frost hits you!
You shoot an arrow. The arrow closely misses the white imp.
The arrow hits Eustachio.
Eustachio is almost dead.
The white imp disappears in a puff of smoke!
The bat hits you but does no damage. The bat barely misses you.
The white imp gestures at you. The puff of frost misses you.
Eustachio casts a spell.
Eustachio blinks!
The white imp gestures at you. The puff of frost hits you.
You shoot an arrow. The arrow closely misses the white imp.
The bat closely misses you. The white imp gestures at you.
The puff of frost hits you.
You shoot an arrow. The arrow hits the white imp.
The white imp is heavily wounded.
The bat hits you. The white imp misses you.
You shoot an arrow. The arrow hits the white imp.
The white imp is almost dead.
The bat barely misses you. The white imp hits you. The white imp freezes you.
You shoot an arrow.
The arrow hits Eustachio but does no damage.
You drain Eustachio.
Eustachio is almost dead.
The white imp disappears in a puff of smoke!
The bat barely misses you. Eustachio hits you with a +0 rapier.
You shoot an arrow. The arrow closely misses Eustachio.
Eustachio barely misses you. Grinder hits you but does no damage.
You shoot an arrow. The arrow hits Eustachio.
You kill Eustachio!
The bat disappears in a puff of smoke!
Grinder hits you.
You have reached level 7!
You shoot an arrow. The arrow hits Grinder.
Grinder is moderately wounded.
Grinder hits you!
You die...

#### ..# #.# #<# #.#
#.# . #.###....
.########+#####@).....#
..............5#####..#
#..).......¤
#...<.......
#...¤.......
#.......$...
#.>.........
...5.....###.
#########.#


You could see Grinder.

Vanquished Creatures
  Sigmund (D:3)
  Eustachio (D:4)
  A scorpion (D:3)
  A jelly (D:3)
  An orc priest (D:3)
  Jessica (D:2)
  An orc wizard (D:3)
  Robin (D:3)
  4 adders
  A dart slug (D:3)
  4 worms
  4 orcs (D:3)
  8 bats
  7 endoplasms
  3 giant cockroaches (D:1)
  12 goblins
  11 hobgoblins
  4 jackals (D:2)
  4 quokkas
  4 ball pythons
  4 kobolds
  3 rats
81 creatures vanquished.

Notes
Turn   | Place    | Note
-------+----------+-------------------------------------------
     0 | D:1      | qw the Deep Elf Hunter began the quest for the Orb.
     0 | D:1      | Reached XP level 1. HP: 12/12 MP: 3/3
     0 | D:1      | 0 ||| qw: Version: 0.3-a-9-g12657ce
     0 | D:1      | 0 ||| qw: Game counter: 1937
     0 | D:1      | 0 ||| qw: Always use a shield: true
     0 | D:1      | 0 ||| qw: God list: Okawaru
     0 | D:1      | 0 ||| qw: Allow faded altars: false
     0 | D:1      | 0 ||| qw: Do Orc after D:15 true
     0 | D:1      | 0 ||| qw: Do second Lair branch before Depths: true
     0 | D:1      | 0 ||| qw: Lair rune preference: random
     0 | D:1      | 0 ||| qw: Plans: Normal
     0 | D:1      | 0 ||| PLANNING D:1-11
    83 | D:1      | Found a faded altar of an unknown god.
   158 | D:1      | Reached skill level 6 in Ranged Weapons
   158 | D:1      | Reached XP level 2. HP: 16/16 MP: 4/4
   236 | D:1      | Found Bomuam's Antique Armour Boutique.
   257 | D:1      | 257 ||| SHOPLISTING glowing hat (210 gold, have 11).
   257 | D:1      | 257 ||| SHOPLISTING pair of boots (135 gold, have 11).
   257 | D:1      | 257 ||| SHOPLISTING shiny scale mail (210 gold, have 11).
   344 | D:1      | 344 ||| UPGRADING to +0 ring mail.
   354 | D:1      | 354 ||| DROPPING +0 leather armour.
   355 | D:1      | 355 ||| READING scroll labelled NONTIJ YCKOGGO.
   356 | D:1      | 356 ||| READING scroll labelled MARIYHI RIFUC.
   357 | D:1      | 357 ||| READING scroll labelled JOKKUARINO.
   358 | D:1      | 358 ||| READING scroll labelled JUISKU LOJE.
   359 | D:1      | 359 ||| READING 2 scrolls labelled BAHEIDWIRACS.
   362 | D:1      | 362 ||| READING scroll labelled IMPOR KUVUS.
   363 | D:1      | 363 ||| READING scroll labelled MAIGEF YTHROPH.
   364 | D:1      | 364 ||| DRINKING 3 coppery potions.
   365 | D:1      | 365 ||| DRINKING 2 smoky yellow potions.
   366 | D:1      | 366 ||| DROPPING scroll of butterflies.
   486 | D:2      | Reached XP level 3. HP: 20/20 MP: 5/5
   545 | D:2      | Noticed Jessica
   552 | D:2      | Killed Jessica
   553 | D:2      | Reached skill level 7 in Ranged Weapons
   634 | D:2      | Noticed a scorpion
   635 | D:2      | Noticed an ogre
   783 | D:2      | Reached XP level 4. HP: 25/25 MP: 6/6
  1150 | D:2      | Reached skill level 8 in Ranged Weapons
  1260 | D:2      | 1260 ||| READING scroll labelled VUMESY REURU.
  1262 | D:2      | 1262 ||| Stepping ~*~*~tactically~*~*~ (cloud).
  1263 | D:2      | 1263 ||| DRINKING 3 potions of curing.
  1263 | D:2      | 1263 ||| (to cure poison)
  1267 | D:2      | 1267 ||| Stepping ~*~*~tactically~*~*~ (cloud).
  1272 | D:2      | HP: 6/25 [poisoned by you (poison gas)]
  1394 | D:3      | Noticed Sigmund
  1401 | D:3      | Killed Sigmund
  1402 | D:3      | Reached skill level 9 in Ranged Weapons
  1402 | D:3      | Reached XP level 5. HP: 15/29 MP: 7/7
  1402 | D:3      | Reached XP level 6. HP: 17/34 MP: 8/8
  1629 | D:3      | 1629 ||| Stepping ~*~*~tactically~*~*~ (water).
  1657 | D:3      | Noticed Robin
  1664 | D:3      | Killed Robin
  1918 | D:3      | 1918 ||| FLEEEEING.
  1919 | D:3      | 1919 ||| FLEEEEING.
  1920 | D:3      | 1920 ||| FLEEEEING.
  1921 | D:3      | 1921 ||| FLEEEEING.
  1922 | D:3      | 1922 ||| FLEEEEING.
  1924 | D:3      | 1924 ||| FLEEEEING.
  1927 | D:3      | 1927 ||| FLEEEEING.
  1930 | D:3      | 1930 ||| FLEEEEING.
  1931 | D:3      | 1931 ||| FLEEEEING.
  1932 | D:3      | 1932 ||| FLEEEEING.
  1933 | D:3      | 1933 ||| FLEEEEING.
  1934 | D:3      | 1934 ||| FLEEEEING.
  1935 | D:3      | 1935 ||| FLEEEEING.
  1936 | D:3      | 1936 ||| FLEEEEING.
  1947 | D:3      | 1947 ||| FLEEEEING.
  1948 | D:3      | 1948 ||| FLEEEEING.
  1949 | D:3      | 1949 ||| FLEEEEING.
  1951 | D:3      | 1951 ||| FLEEEEING.
  1952 | D:3      | 1952 ||| FLEEEEING.
  1953 | D:3      | 1953 ||| FLEEEEING.
  1954 | D:3      | 1954 ||| FLEEEEING.
  1955 | D:3      | 1955 ||| FLEEEEING.
  1956 | D:3      | 1956 ||| FLEEEEING.
  1957 | D:3      | 1957 ||| FLEEEEING.
  1958 | D:3      | 1958 ||| FLEEEEING.
  1959 | D:3      | 1959 ||| FLEEEEING.
  1960 | D:3      | 1960 ||| FLEEEEING.
  1963 | D:3      | 1963 ||| FLEEEEING.
  1964 | D:3      | 1964 ||| FLEEEEING.
  1965 | D:3      | 1965 ||| FLEEEEING.
  1966 | D:3      | 1966 ||| FLEEEEING.
  1967 | D:3      | 1967 ||| FLEEEEING.
  1968 | D:3      | 1968 ||| FLEEEEING.
  1969 | D:3      | 1969 ||| FLEEEEING.
  1970 | D:3      | 1970 ||| FLEEEEING.
  1975 | D:3      | 1975 ||| FLEEEEING.
  1976 | D:3      | 1976 ||| FLEEEEING.
  1977 | D:3      | 1977 ||| FLEEEEING.
  1983 | D:3      | 1983 ||| STAIRDANCE
  2016 | D:2      | 2016 ||| UPGRADING to +0 helmet.
  2021 | D:2      | 2021 ||| READING scroll labelled ROMETYITEMN.
  2022 | D:2      | 2022 ||| READING 3 scrolls labelled NIETUU SOYN.
  2023 | D:2      | 2023 ||| DROPPING 2 scrolls of blinking.
  2040 | D:3      | 2040 ||| FLEEEEING.
  2047 | D:3      | 2047 ||| FLEEEEING.
  2060 | D:3      | 2060 ||| FLEEEEING.
  2061 | D:3      | 2061 ||| FLEEEEING.
  2062 | D:3      | 2062 ||| FLEEEEING.
  2063 | D:3      | 2063 ||| FLEEEEING.
  2064 | D:3      | 2064 ||| FLEEEEING.
  2187 | D:3      | 2187 ||| FLEEEEING.
  2196 | D:3      | 2196 ||| FLEEEEING.
  2197 | D:3      | 2197 ||| FLEEEEING.
  2198 | D:3      | 2198 ||| STAIRDANCE
  2226 | D:3      | Reached skill level 10 in Ranged Weapons
  2540 | D:4      | Noticed Grinder
  2542 | D:4      | 2542 ||| STAIRDANCE
  2546 | D:3      | Reached skill level 3 in Dodging
  2629 | D:4      | 2629 ||| STAIRDANCE
  2640 | D:3      | Reached skill level 1 in Armour
  2682 | D:4      | 2682 ||| STAIRDANCE
  2708 | D:4      | Paralysed by Grinder for 2 turns
  2712 | D:4      | Noticed Eustachio
  2715 | D:4      | 2715 ||| STAIRDANCE
  2715 | D:4      | Paralysed by Grinder for 2 turns
  2716 | D:4      | HP: 8/35 [black bear (3)]
  2717 | D:4      | 2717 ||| STAIRDANCE
  2719 | D:3      | 2719 ||| READING scroll of teleportation.
  2720 | D:3      | HP: 3/35 [black bear (4)]
  2907 | D:4      | Killed Eustachio
  2907 | D:4      | HP: 7/35 [Grinder (6)]
  2908 | D:4      | Reached XP level 7. HP: 8/40 MP: 9/9
  2908 | D:4      | Slain by Grinder

Levels and vault maps discovered:
D:1:      co_arrival_square_in_a_square_in_a_square, layout_rooms, serial_shops,
          shop, hellmonk_ecumenical_altar_zigzags
D:2:      layout_basic, lightli_corner_chamber, uniq_jessica
D:3:      layout_loops_ring, serial_rivers, chequers_serial_rivers_room_a,
          chequers_serial_rivers_small_a, chequers_serial_rivers_large_b,
          chequers_serial_rivers_small_a, chequers_serial_rivers_small_a,
          uniq_robin, uniq_sigmund
D:4:      layout_basic, gammafunk_ghost_split, uniq_grinder, uniq_edmund,
          uniq_eustachio

Skill      XL: |  1  2  3  4  5  6 |
---------------+-------------------+-----
Ranged Weapons | 6 7 9 10 | 10.8
Fighting       | 2 |  2.0
Dodging        | 3 |  3.0
Armour         | 1 |  1.3
Stealth        | |  1.2

Action                     |  1- 3 |  4- 6 |  7- 9 || total
---------------------------+-------+-------+-------++-------
   Fire: Shortbow          |    70 |   178 |     1 ||   249
    Use: Scroll            |     7 |     4 |       ||    11
         Potion            |     2 |     1 |       ||     3
 Armour: Leather armour    |     1 |       |       ||     1
         Ring mail         |     1 |    40 |       ||    41
  Dodge: Dodged            |     8 |    56 |       ||    64

Table legend:
 A = Non-vault XP
 B = Vault XP
 C = Vault XP percentage of total XP
 D = Non-vault monster count
 E = Vault monster count
 F = Vault count percentage of total count
                 A         B        C        D         E       F
            +---------+---------+-------+---------+---------+-------
      Total |     383 |     516 |  57.4 |      67 |      14 |  17.3
            +---------+---------+-------+---------+---------+-------
        D:1 |      35 |       0 |   0.0 |      20 |       0 |   0.0
        D:2 |      80 |      37 |  31.6 |      22 |       1 |   4.3
        D:3 |     266 |     265 |  49.9 |      24 |      12 |  33.3
        D:4 |       2 |     214 |  99.1 |       1 |       1 |  50.0
            +---------+---------+-------+---------+---------+-------
